 Dungeon Crawl Stone Soup version 0.30.1-1-g62c8e00024 (webtiles) character file.

Game seed: 1819216627719809153

10543 cdecastro the Thaumaturge (level 11, -1/86 HPs)
             Began as a Djinni Ice Elementalist on July 17, 2023.
             Was an Initiate of Ashenzari.
             Slain by a wolf spider zombie (11 damage)
             ... on level 8 of the Dungeon.
             The game lasted 00:29:03 (7955 turns).

cdecastro the Thaumaturge (Djinni Ice Elementalist) Turns: 7955, Time: 00:29:06

Health: -1/86      AC:  3    Str:  7    XL:     11   Next: 94%
Gold:   445        EV: 12    Int: 20    God:    Ashenzari [......] SH:  0 Dex: 15

rFire   + + .        r - +1 whip (elec)
rCold   x . .        (no shield)
rNeg    . . .        a - +0 robe
rPois   ∞            (no helmet)
rElec   .            l - +0 cloak
rCorr   .            (no gloves)
SInv    .            (boots unavailable)
Will    +....        h - amulet of regeneration
Stlth   +            (no ring)
HPRegen 1.14/turn    (no ring)
MPRegen 0.00/turn

%: infuse magic (-2 HP)
@: confused, about to teleport, ambrosia-drunk, flying, studying 2 skills
A: sickness immunity, fire resistance 2, cold vulnerability 1, float, innate
caster, HP casting, extra vitality 1
a: Renounce Religion


You were on level 8 of the Dungeon.
You worshipped Ashenzari.
Ashenzari was noncommittal.
You visited 2 branches of the dungeon, and saw 9 of its levels.
You also visited: Ossuary and Bailey.

You collected 445 gold pieces.

Inventory:

Hand Weapons
 c - a +0 short sword
 m - a +2 antimagic dagger
 r - a +1 whip of electrocution (weapon)
Missiles
 w - a throwing net
 F - 19 poisoned darts
Armour
 a - a +0 robe (worn)
 d - a +0 pair of gloves
 l - a +0 cloak (worn)
Jewellery
 h - an amulet of regeneration (around neck)
Wands
 p - a wand of flame (19)
 y - a wand of roots (11)
Scrolls
 k - 3 scrolls of enchant armour
 n - a scroll of fear {unknown}
 s - a scroll of torment {unknown}
 t - 2 scrolls of vulnerability {unknown}
 z - a scroll of identify
Potions
 b - a potion of lignification
 e - a potion of mutation
 f - 4 potions of attraction
 g - a potion of brilliance
 i - a potion of resistance
 j - 3 potions of heal wounds
 q - 3 potions of flight
 u - a potion of haste
 v - 2 potions of invisibility
 x - 6 potions of curing
 B - a potion of degeneration {unknown}


   Skills:
 + Level 10.7 Fighting
 - Level 2.1 Dodging
 - Level 1.5 Stealth
 * Level 12.1 Spellcasting


You knew the following spells:

 Your Spells              Type           Power      Damage    Failure   Level
a - Freeze                Ice            100%       1d10      1%          1
b - Frozen Ramparts       Ice            100%       1d16      1%          3
c - Ozocubu's Armour      Ice            57%        N/A       1%          3
d - Summon Ice Beast      Ice/Summ       57%        N/A       1%          4
e - Foxfire               Conj/Fire      100%       2x1d9     1%          1
f - Wereblood             Tmut           57%        N/A       1%          2
g - Ignite Poison         Fire/Tmut/Pois 57%        N/A       1%          3
h - Tukima's Dance        Hex            57%        N/A       1%          3
i - Silence               Hex/Air        28%        N/A       1%          5
Your spell library was empty.

Dungeon Overview and Level Annotations

Branches:
Dungeon (8/15)             Temple (1/1) D:7         Ossuary (visited)
 Bailey (visited)
   Lair: D:8-11

Altars:
Ashenzari
Cheibriados
Dithmenos
Elyvilon
Fedhas
Gozag
Hepliaklqana
Nemelex Xobeh
Okawaru
Qazlal
Ru
Trog
Uskayaw
Wu Jian
Xom
Yredelemnul
Zin
The Shining One


Innate Abilities, Weirdness & Mutations

You are immune to sickness and miasma.
You are immune to poison.
Your flesh is very heat resistant. (rF++)
You are vulnerable to cold. (rC-)
You float through the air rather than walking.
You learn spells naturally, not from books.
Your magical power is your life essence.
You have superior vitality. (+4 MHP)


Message History

The wolf spider zombie closely misses you.
Unknown command.
The hellwing swoops through the air toward you!
The hellwing hits you but does no damage.
The hellwing hits you. The wolf spider zombie hits you!
The wolf spider zombie bites you.
You barely miss the hellwing. The hellwing hits you!
* * * LOW HITPOINT WARNING * * *
The hellwing hits you.
* * * LOW HITPOINT WARNING * * *
The wolf spider zombie hits you!
* * * LOW HITPOINT WARNING * * *
The wolf spider zombie bites you.
* * * LOW HITPOINT WARNING * * *
The hellwing hits you.
* * * LOW HITPOINT WARNING * * *
The hellwing hits you.
* * * LOW HITPOINT WARNING * * *
As you read the scroll of teleportation, it crumbles to dust.
You feel strangely unstable. The wolf spider zombie hits you.
* * * LOW HITPOINT WARNING * * *
The wolf spider zombie misses you. The hellwing hits you.
* * * LOW HITPOINT WARNING * * *
The hellwing misses you.
Unknown command.
Okay, then.
Okay, then.
Unknown command.
Okay, then.
Unknown command.
Press: ? - help, v - describe, . - travel
Here: a hellwing The floor.
You are confused.
You feel invigorated. The wolf spider zombie hits you.
* * * LOW HITPOINT WARNING * * *
The wolf spider zombie bites you!
* * * LOW HITPOINT WARNING * * *
The wolf spider zombie hits you!
You die...

.......# ..........(∩
.#.##..###.#.#..#..P.4.Z)
.#.##......#.#..#.....8.....
.#.##..#####.#..#.Z58.......
##.###††.....#......88P....5
......##.....##...#.....8P..
#.....##.....##.4.# .....P
#.....###.......Z.# ....
#.....# #..####.@.###.#.#
#.###.# ##...#.4......# #
#.# #.######.....>.####
..###.......##.....#
.........[..##.....#
#.########..##.....#
<†......##..##.....#
#######.##..##..#### ....#
#.##..##..#


You could see 2 hellwings, a shadow imp, a wolf spider zombie and a centaur
warrior skeleton.

Vanquished Creatures
  Joseph (D:7)
  A meliai zombie (D:8)
  4 yaks (D:4)
  A wyvern (D:7)
  2 vampire mosquitoes (D:8)
  A water moccasin (D:8)
  2 sky beasts (D:7)
  6 orc warriors
  2 ice beasts
  A black bear (D:5)
  An ogre (D:6)
  A kobold brigand (D:7)
  3 scorpions
  A bullfrog (D:5)
  7 wights (D:7)
  9 killer bees
  5 human zombies (Ossuary)
  Crazy Yiuf (D:2)
  3 jellies
  2 hounds
  An orc priest (D:8)
  A sleepcap (D:5)
  An iguana (D:5)
  An orc wizard (D:7)
  Natasha (thrice) (D:3)
  2 mummies
  8 gnolls
  3 adders
  A shadow imp (D:8)
  An adder zombie (Ossuary)
  2 worms
  3 dart slugs
  19 orcs
  11 bats
  3 endoplasms
  2 giant cockroaches
  13 goblins
  5 hobgoblins
  9 jackals
  6 quokkas
  7 ball pythons
  3 frilled lizards
  2 goblin zombies (Ossuary)
  6 hobgoblin zombies (Ossuary)
  A jackal zombie (Ossuary)
  13 kobolds
  11 kobold zombies (Ossuary)
  10 orc zombies (Ossuary)
  5 rats
207 creatures vanquished.

Vanquished Creatures (collateral kills)
  An orc knight (Bailey)
  A wolf spider zombie (D:8)
  A yak (D:4)
  5 orc warriors (Bailey)
  A phantom (D:5)
  A gnoll sergeant (D:7)
  3 wights (D:7)
  An iguana (D:6)
  A mummy (Ossuary)
  A worm (D:6)
  3 orcs
  A quokka (D:5)
  A hobgoblin zombie (Ossuary)
  3 foxfires (D:3)
24 creatures vanquished.

Vanquished Creatures (others)
  661 foxfires
661 creatures vanquished.

Grand Total: 892 creatures vanquished

Notes
Turn   | Place    | Note
-------+----------+-------------------------------------------
     0 | D:1      | cdecastro the Djinni Ice Elementalist began the quest for
                  | the Orb.
     0 | D:1      | cdecastro set off with the following spells memorised:
                  | Freeze, Frozen Ramparts, Ozocubu's Armour, Summon Ice
                  | Beast.
     0 | D:1      | Reached XP level 1. HP: 15/15 MP: 0/0
   143 | D:1      | Reached XP level 2. HP: 18/22 MP: 0/0
   349 | D:1      | Reached skill level 1 in Fighting
   401 | D:1      | Reached XP level 3. HP: 14/27 MP: 0/0
   401 | D:1      | Learned a level 1 spell: Foxfire
  1381 | D:2      | Reached XP level 4. HP: 32/32 MP: 0/0
  1401 | D:2      | Reached skill level 4 in Spellcasting
  1557 | D:2      | Found a runed translucent door.
  1558 | D:2      | Noticed Crazy Yiuf
  2157 | D:3      | Reached XP level 5. HP: 32/38 MP: 0/0
  2157 | D:3      | Learned a level 2 spell: Wereblood
  2281 | D:3      | Noticed Natasha
  2319 | D:3      | Killed Natasha
  2375 | D:3      | Found a bloodstained altar of Trog.
  2383 | D:3      | Noticed Natasha
  2388 | D:3      | Killed Natasha
  2502 | D:3      | Found a hide-covered altar of Uskayaw.
  2567 | D:3      | Found a shimmering altar of Xom.
  2697 | D:3      | Reached XP level 6. HP: 45/45 MP: 0/0
  2730 | D:3      | Noticed Natasha
  2734 | D:3      | Killed Natasha
  2735 | D:3      | Found a white marble altar of Elyvilon.
  2756 | D:3      | Found a glowing golden altar of the Shining One.
  2761 | D:3      | Found a glowing silver altar of Zin.
  2871 | D:3      | Became a worshipper of Elyvilon the Healer
  2962 | D:4      | Reached skill level 5 in Spellcasting
  2976 | D:4      | Noticed a yak
  2976 | D:4      | Noticed a yak
  3119 | D:4      | Noticed a yak
  3132 | D:4      | Killed a yak
  3133 | D:4      | Reached XP level 7. HP: 49/51 MP: 0/0
  3133 | D:4      | Learned a level 3 spell: Ignite Poison
  3140 | D:4      | Found a sparkling altar of Nemelex Xobeh.
  3357 | D:4      | Noticed a yak
  3361 | D:4      | Noticed a yak
  3377 | D:4      | Killed a yak
  3378 | D:4      | Reached skill level 6 in Spellcasting
  3409 | D:4      | Killed a yak
  3410 | D:4      | Reached XP level 8. HP: 27/58 MP: 0/0
  3515 | D:2      | Killed Crazy Yiuf
  3634 | D:4      | Killed a yak
  3635 | D:4      | Reached skill level 5 in Fighting
  3638 | D:4      | Killed a yak
  3698 | D:5      | Entered Level 5 of the Dungeon
  3715 | D:5      | Reached skill level 7 in Spellcasting
  3809 | D:5      | Reached * piety under Elyvilon
  3993 | D:5      | Reached XP level 9. HP: 61/66 MP: 0/0
  3993 | D:5      | Learned a level 3 spell: Tukima's Dance
  4624 | D:6      | Reached ** piety under Elyvilon
  4812 | D:6      | Found a sand-covered staircase.
  4821 | Ossuary  | Entered an ossuary
  5173 | D:6      | Reached skill level 8 in Spellcasting
  5335 | D:6      | Found a hazy altar of Hepliaklqana.
  5372 | D:6      | Reached *** piety under Elyvilon
  5739 | D:7      | Noticed Joseph
  5812 | D:7      | Found a sacrificial altar of Ru.
  6096 | D:7      | Found a staircase to the Ecumenical Temple.
  6197 | D:7      | Reached XP level 10. HP: 69/75 MP: 0/0
  6222 | D:7      | Reached skill level 9 in Spellcasting
  6287 | D:7      | Found a flagged portal.
  6304 | Bailey   | Entered a bailey
  6408 | Bailey   | Reached **** piety under Elyvilon
  6790 | Bailey   | Noticed an orc knight
  6828 | Bailey   | Killed an orc knight
  6904 | Bailey   | Reached skill level 10 in Fighting
  6904 | Bailey   | Reached skill level 11 in Spellcasting
  6904 | Bailey   | Reached XP level 11. HP: 85/85 MP: 0/0
  6904 | Bailey   | Learned a level 5 spell: Silence
  7095 | Temple   | Entered the Ecumenical Temple
  7248 | D:7      | Killed Joseph
  7585 | D:8      | Found a broken altar of Ashenzari.
  7588 | D:8      | Fell from the grace of Elyvilon
  7588 | D:8      | Became a worshipper of Ashenzari the Shackled
  7762 | D:8      | Reached skill level 12 in Spellcasting
  7955 | D:8      | Slain by a wolf spider zombie

Illustrated notes

Levels and vault maps discovered:
D:1:      roderic_octagonal_star, layout_basic
D:2:      layout_basic, nicolae_elevator_lobby_plus, uniq_crazy_yiuf_cottage
D:3:      layout_loops_ring, dreamdust_divine_triumvirate,
          mainiacjoe_overflow_chevrons, overflow_temple_1_default,
          general_overflow_altar, uniq_natasha
D:4:      layout_rooms, nemelex_diamond_rough_becter
D:5:      layout_loops_corners
D:6:      layout_gridville, lemuel_round_altar, gup_ossuary_entry_pyramid
D:7:      layout_loops_ring, nicolae_ru_awakened_eye, mainiacjoe_overflow_paths,
          minmay_temple_entry_junction_2, enter_bailey_5, minmay_manual_moon,
          uniq_joseph
D:8:      cheibrodos_grave_circle, layout_basic, mainiacjoe_overflow_swirl,
          mainiacjoe_overflow_surrounded_room
Temple:   nicolae_temple_cloud_nine

Skill      XL: |  1  2  3  4  5  6  7  8  9 10 11 |
---------------+----------------------------------+-----
Fighting       | 1 2 3 4 5 7 10 | 10.7
Spellcasting   | 4 5 6 7 8 11 12 | 12.1
Dodging        | |  2.1
Stealth        | |  1.5

Action                     |  1- 3 |  4- 6 |  7- 9 | 10-12 || total
---------------------------+-------+-------+-------+-------++-------
  Melee: Short sword       |     6 |     1 |       |       ||     7
         Dagger            |       |     3 |    28 |    46 ||    77
         Whip              |       |       |       |    25 ||    25
         Punch             |       |       |       |     2 ||     2
  Throw: Dart              |       |       |     5 |     9 ||    14
   Cast: Freeze            |    67 |    22 |     2 |    10 ||   101
         Foxfire           |       |    83 |   202 |   115 ||   400
         Frozen Ramparts   |       |     1 |    12 |     8 ||    21
         Ignite Poison     |       |       |     3 |     2 ||     5
         Ozocubu's Armour  |       |       |     4 |     5 ||     9
         Summon Ice Beast  |       |       |     8 |     4 ||    12
         Tukima's Dance    |       |       |    10 |    18 ||    28
         Wereblood         |       |       |       |     1 ||     1
    Use: Scroll            |       |       |    11 |     4 ||    15
         Potion            |       |       |       |     2 ||     2
   Stab: Sleeping          |     2 |     1 |     1 |       ||     4
 Armour: Robe              |    15 |    11 |    14 |    24 ||    64
  Dodge: Dodged            |    36 |    30 |    41 |    79 ||   186
